 Dungeon Crawl Stone Soup version bcrawl-1.40.2 (webtiles) character file.

Game seed: 8101051656053253626

11559959 Queen the Brawler (level 20, -8/280 HPs)
             Began as a Yellow Draconian Transmuter on Nov 19, 2023.
             Was the Champion of Makhleb.
             Killed from afar by an ancient lich (22 damage)
             ... with a poison arrow
             ... on level 4 of the Depths on Nov 20, 2023.
             The game lasted 02:52:25 (34817 turns).

Queen the Brawler (Yellow Draconian Transmuter)    Turns: 34817, Time: 02:52:26

Health: -8/280     AC: 26    Str: 25      XL:     20   Next: 87%
Magic:  36/36      EV: 11    Int: 26 (28) God:    Makhleb [******]
Gold:   2617       SH:  0    Dex: 12      Spells: 11/43 levels left

rFire    + . .     GDR:     35%   - Teeth and claws (104.2)
rCold    + . .     SeeInvis .   (shield currently unavailable)
rNeg     . . .     Gourm    .   (armour unavailable)
rPois    +         Faith    .   (helmet currently unavailable)
rElec    .         Spirit   .   (cloak currently unavailable)
rCorr    +         Reflect  .   (gloves currently unavailable)
MR       ++...                  (boots currently unavailable)
Stlth    ++........             W - amulet of the Thistle {Regen rPois rF+ Int+4}
HPRegen  1.64/turn              H - ring of Taciem {MR+ Int+4 Stlth+}
MPRegen  0.25/turn              S - ring "Duxzitee" {rC+ AC+6}

@: lethally poisoned (-8 -> -8), about to teleport, dragon-form, flying, slowed,
very slow
A: giant, spit acid, acid resistance, unfitting armour, acidic bite, AC +10
}: 2/15 runes: decaying, gossamer
a: Breathe Acid, End Transformation, Minor Destruction, Hew, Major Destruction,
Greater Servant of Makhleb, Renounce Religion


You were on level 4 of the Depths.
You worshipped Makhleb.
Makhleb was exalted by your worship.
You were not hungry.
You were a fearsome dragon!
You visited 6 branches of the dungeon, and saw 29 of its levels.
You also visited: Sewer, Bailey, Gauntlet, Volcano and Wizlab.

You collected 4166 gold pieces.
You spent 1549 gold pieces at shops.

Inventory:

Hand Weapons
 U - the +3 great mace of Arbitration {antimagic, Stlth+}
   (You found it on level 2 of the Depths)

   It reduces the magical energy of the wielder, and disrupts the spells and
   magical abilities of those hit.
   Natural abilities and divine invocations are not affected.
   It makes you more stealthy.
Missiles
 a - 3896 arrows
 G - 5 throwing nets {=f!f}
Armour
 p - a scarf of resistance (melded)
 L - a +2 pair of boots of flying (melded)
 P - the +1 cloak "Ytzewef" {Regen+ Int+5}
   (You found it on level 5 of the Lair of Beasts)

   It affects your intelligence (+5).
   It increases your rate of regeneration.
 Z - the +2 pair of gloves of Suoperch (melded) {rElec Int+5}
   (You found it on level 10 of the Dungeon)

   It affects your intelligence (+5).
   It insulates you from electricity.
Magical Staves
 q - an uncursed staff of wizardry (melded)
Jewellery
 n - an uncursed ring of protection from cold
 H - the ring of Taciem (left foreclaw) {MR+ Int+4 Stlth+}
   (You took it off a wight on level 8 of the Dungeon)

   [ring of protection from magic]

   It affects your intelligence (+4).
   It affects your resistance to hostile enchantments.
   It makes you more stealthy.
 S - the ring "Duxzitee" (right foreclaw) {rC+ AC+6}
   (You acquired it on level 2 of the Depths)

   [ring of protection]

   It affects your AC (+6).
   It protects you from cold.
 V - the cursed ring "Uryec" {+Fly MP-9 Dex+5}
   (You took it off a yaktaur on level 3 of the Depths)

   [ring of flight]

   It affects your dexterity (+5).
   It affects your magic capacity (-9).
   It lets you fly.
   It has a curse placed upon it.
 W - the amulet of the Thistle (around neck) {Regen rPois rF+ Int+4}
   (You acquired it on level 2 of the Depths)

   [amulet of regeneration]

   It affects your intelligence (+4).
   It protects you from fire.
   It protects you from poison.
 Y - an uncursed ring of insulation
Wands
 g - a wand of paralysis (20)
 k - a wand of polymorph (44)
 y - a wand of flame (71)
 A - a wand of disintegration (5)
 B - a wand of clouds (4)
 E - a wand of iceblast (6)
 F - a wand of scattershot (5)
 I - a wand of random effects (45)
 J - a wand of charming (28)
 O - a wand of digging (14)
Scrolls
 d - 7 scrolls of enchant armour
 h - 15 scrolls of teleportation {@r3}
 i - 10 scrolls of identify {@r1}
 m - 11 scrolls of remove curse {@r2}
 u - 6 scrolls of fear
 v - a scroll of fog
 C - 5 scrolls of immolation
 D - a scroll of blinking
 M - a scroll of amnesia
 N - a scroll of revelation
 Q - 5 scrolls of summoning
Potions
 b - 6 potions of berserk rage
 c - 6 potions of lignification
 f - 10 potions of haste
 j - 5 potions of agility
 l - 4 potions of brilliance
 o - 5 potions of mutation
 r - 6 potions of might
 s - a potion of resistance
 t - 7 potions of flight
 w - 4 potions of ambrosia
 x - 13 potions of curing {@q1}
 z - 7 potions of heal wounds {@q2}
 K - 2 potions of invisibility
 T - 4 potions of magic
Comestibles
 e - 57 rations {!d}


   Skills:
 * Level 17.8 Fighting
 + Level 13.0 Dodging
 * Level 18.8 Unarmed Combat
 - Level 12.0 Spellcasting
 - Level 15.0 Transmutations
 + Level 3.5 Earth Magic
 + Level 14.7 Invocations


You had 11 spell levels left.
You knew the following spells:

 Your Spells              Type           Power        Failure   Level  Hunger
a - Beastly Appendage     Tmut           ######       0%          1    None
b - Blink                 Tloc           N/A          5%          2    None
c - Statue Form           Tmut/Erth      #######..    13%         6    ####...
e - Blade Hands           Tmut           #######...   1%          5    ##.....
p - Passwall              Tmut/Erth      #######.     1%          2    None
q - Spider Form           Tmut/Pois      ###          1%          3    None
r - Dragon Form           Tmut           #######      7%          7    ######.
s - Sticks to Snakes      Tmut           #######.     0%          2    None
w - Ice Form              Ice/Tmut       ######..     1%          4    None

Your spell library contained the following spells:

 Spells                   Type           Power        Failure   Level  Hunger
 Sandblast                Erth           ######       1%          1    None
 Ignite Poison            Fire/Tmut/Pois ######..     1%          3    None
 Petrify                  Tmut/Erth      #######...   1%          4    None
 Tree Form                Hex/Tmut       N/A          1%          4    None
 Apportation              Tloc           ###...       3%          1    None
 Corona                   Hex            ###....      3%          1    None
 Infusion                 Chrm           ###.....     3%          1    None
 Magic Dart               Conj           ###.         3%          1    None
 Necrotize                Necr           ###...       3%          1    None
 Slow                     Hex            ###.....     3%          1    None
 Sting                    Conj/Pois      ###.         3%          1    None
 Summon Butterflies       Summ           ###.....     3%          1    None
 Call Imp                 Summ           ###...       5%          2    None
 Ensorcelled Hibernation  Hex/Ice        ###...       5%          2    None
 Poisonous Vapours        Pois/Air       ###...       5%          2    None
 Song of Slaying          Chrm           ###.....     5%          2    None
 Swiftness                Chrm/Air       ###.....     5%          2    None
 Stone Arrow              Conj/Erth      #####.       5%          3    None
 Beckoning                Tloc           ###.......   11%         3    None
 Call Canine Familiar     Summ           ###.....     11%         3    None
 Confuse                  Hex            ###.....     11%         3    None
 Conjure Flame            Conj/Fire      ###.....     11%         3    None
 Dazzling Orbs            Conj/Hex       ###....      11%         3    None
 Mephitic Cloud           Conj/Pois/Air  ###.....     11%         3    None
 Ozocubu's Armour         Chrm/Ice       ###.....     11%         3    None
 Portal Projectile        Tloc           ###...       11%         3    None
 Recall                   Summ/Tloc      N/A          11%         3    None
 Regeneration             Chrm/Necr      ###.......   11%         3    None
 Spectral Weapon          Hex/Chrm       ###.....     11%         3    None
 Tukima's Dance           Hex            ###.....     11%         3    None
 Vampiric Draining        Necr           ###.......   11%         3    None
 Lee's Rapid Deconstruct  Erth           ######....   24%         5    ##.....
 Agony                    Necr           ###.....     36%         4    None
 Animate Dead             Necr           N/A          36%         4    None
 Cause Fear               Hex            ###.......   36%         4    None
 Force Lance              Tloc           ###.....     36%         4    None
 Olgreb's Toxic Radiance  Pois           ###......    36%         4    None
 Summon Ice Beast         Ice/Summ       ###.....     36%         4    None
 Summon Scorpions         Summ/Pois      ###.....     36%         4    None
 Bolt of Magma            Conj/Fire/Erth ####......   54%         5    ##.....
 Infestation              Hex/Tmut/Pois  ######...    58%         6    ####...
 Dispel Undead            Necr           ###.....     71%         5    ##.....
 Fireball                 Conj/Fire      ###.......   71%         5    ##.....
 Steam Barrier            Chrm/Fire      ###.......   71%         5    ##.....
 Summon Demon             Summ           ###.......   71%         5    ##.....
 Summon Forest            Summ/Tloc      ###.......   71%         5    ##.....
 Summon Mana Viper        Hex/Summ       ###.....     71%         5    ##.....
 Venom Bolt               Conj/Pois      ###.......   71%         5    ##.....
 Scorpion Form            Tmut/Pois      ######....   82%         7    ######.
 Borgnjor's Vile Clutch   Necr/Erth      #####.....   95%         6    ####...
 Iron Shot                Conj/Erth      #####.....   95%         6    ####...
 Aura of Abjuration       Summ           ###.......   99%         6    ####...
 Bolt of Fire             Conj/Fire      ###.......   99%         6    ####...
 Darkness                 Hex            ###.......   99%         6    ####...
 Death Channel            Chrm/Necr      ###.......   99%         6    ####...
 Dispersal                Tloc           ###.......   99%         6    ####...
 Summon Hydra             Summ           ###.......   99%         6    ####...
 Blight                   Necr/Pois      ###......    100%        7    ######.
 Controlled Blink         Tloc           ###.....     100%        7    ######.
 Haunt                    Necr/Summ      ###.......   100%        7    ######.
 Monstrous Menagerie      Summ           ###.......   100%        7    ######.
 Shadow Creatures         Summ           N/A          100%        7    ######.
 Ignition                 Hex/Fire       ###.......   100%        8    #######
 Necromutation            Tmut/Necr      ######..     100%        8    #######
 Time Stop                Chrm/Tloc      N/A          100%        8    #######
 Shatter                  Erth           ######....   100%        9    #######


Dungeon Overview and Level Annotations

Branches:
Dungeon (12/12)            Temple (0/1) D:6            Lair (6/6) D:9
  Swamp (3/3) Lair:3       Spider (3/3) Lair:4        Slime (0/5) Orc
    Orc (1/1) D:10            Elf (0/3) Lair:5       Vaults (0/3) D:11
 Depths (4/5) D:12

Altars:
Ashenzari
Dithmenos
Elyvilon
Hepliaklqana
Kikubaaqudgha
Lugonu
Makhleb
Nemelex Xobeh
Okawaru
Qazlal
Sif Muna
Vehumet
Wu Jian
Xom
Yredelemnul
Jiyva

Shops:
Orc [(*[![*:?

Portals:
Hell: Depths:1 Depths:2 Depths:3
Abyss: Depths:1
Pandemonium: Depths:3
Ziggurat: Depths:2
Trove: D:11 (give 3 potions of resistance)

Annotations:
D:3 exclusion: ice beast, kosoiffoigrumme1174's ghost, amateur VSMo
D:6 tronn's ghost, novice OpAc
D:7 exclusion: 2 downstairs
D:8 1 runed translucent door, Cris's ghost, novice FrAE
Depths:2 exclusion: downstairs
Depths:3 exclusion: downstairs


Innate Abilities, Weirdness & Mutations

You can spit globs of acid.
You are resistant to acid.
Your golden yellow scales are hard. (AC +10)
You cannot fit into any form of body armour.
You have acidic saliva.
((You are cold-blooded and may be slowed by cold attacks.))


Message History

The stone giant throws a large rock.
The large rock hits you!
* * * LOW HITPOINT WARNING * * *
The rakshasa closely misses you.
The rakshasa hits you but does no damage. x2
The tengu reaver hits you from afar with a +1 halberd of venom!
* * * LOW HITPOINT WARNING * * *
You maul the rakshasa!!!
You kill the rakshasa!
Makhleb accepts your kill.
You feel better.
The rakshasa shimmers and vanishes! x2; You feel sick.
The fire giant points at you and mumbles some strange words.
You resist. The bolt of fire hits you.
* * * LOW HITPOINT WARNING * * *
The stone giant hits you but does no damage.
The stone giant throws a large rock.
The large rock hits you!!!
* * * LOW HITPOINT WARNING * * *
The ancient lich gestures at you while chanting.
You are more poisoned.
You partially resist. The poison arrow hits you!!
You die...

..... .....#
.....#.....
......#....
.......V..
.D..(....##
..........##.##
#.....C......
..#
#...)DC......
#....
##......#....
........
#...Q..# #
........
##.*.....
..#.....
#........
........
##......C..
........
#.%....L..
.......}
((........
.....#


You could see an ancient lich, a fire giant, a fire dragon, 2 stone giants, a
tengu reaver, a vampire knight and a battlesphere.

Vanquished Creatures
  A golden dragon (Depths:2)
  2 Killer Klowns (Depths:3)
  Bai Suzhen (Spider:3)
  Saint Roka (Depths:2)
  A rockslime (Depths:3)
  3 tentacled monstrosities
  5 wendigos
  Jorgrun (Spider:3)
  6 liches
  4 sphinxes
  2 ancient champions (WizLab)
  A thorn hunter (Swamp:2)
  Roxanne (Swamp:2)
  A tengu reaver (Depths:3)
  Donald (Swamp:3)
  7 fire giants
  9 stone giants
  2 balrugs (Depths:1)
  3 frost giants
  A deep elf sorcerer (Depths:2)
  An iron dragon (Depths:4)
  4 ghost moths
  An orc warlord (Orc)
  3 emperor scorpions (Spider:3)
  4 very ugly things
  A vampire knight (Depths:1)
  3 entropy weavers
  A deep elf annihilator (Depths:2)
  A minotaur (Gauntlet)
  Snorg (D:10)
  2 ettins (Depths:3)
  2 yaktaur captains
  Azrael (Orc)
  Harold (D:11)
  5 fire dragons
  4 rakshasas
  Josephine (Lair:5)
  22 hydras
  Erica (D:8)
  Psyche (D:8)
  A spriggan air mage (Depths:4)
  5 ogre magi
  2 shambling mangroves
  2 ice dragons
  2 juggernaut simulacra (WizLab)
  4 deep troll shamans
  3 great orbs of eyes
  3 catoblepae
  2 dancing weapons (D:11)
  A tengu warrior (D:11)
  A death yak (Lair:5)
  8 alligators
  6 deep troll earth magi
  22 two-headed ogres
  4 vampire magi
  6 spriggan berserkers
  A storm dragon zombie (WizLab)
  5 orc high priests (Orc)
  15 deep trolls
  8 centaur warriors
  A spectral storm dragon (WizLab)
  A soul eater (Depths:1)
  6 skeletal warriors (WizLab)
  2 iron trolls (Depths:1)
  A spark wasp zombie (Depths:1)
  3 wizards
  A death drake (Swamp:3)
  3 spriggan druids
  2 glowing orange brains
  10 swamp dragons
  4 lindwurms (Lair:6)
  4 phantasmal warriors
  A flayed ghost (Depths:2)
  Pikel (D:9)
  A wolf spider zombie (D:9)
  3 orange crystal statues
  15 wolf spiders
  A lindwurm (shapeshifter) (Depths:2)
  An oklob plant (Swamp:2)
  2 necromancers (Depths:1)
  12 orb spiders
  4 cyclopes
  5 orc knights
  An orc sorcerer (Orc)
  A spectral ettin (WizLab)
  A stone giant zombie (Depths:1)
  12 ugly things
  2 salamanders (Volcano)
  3 manticores
  8 elephants
  9 will-o'-wisps (Swamp:3)
  3 black mambas
  2 moths of wrath
  A stone giant skeleton (Depths:1)
  11 cane toads
  A gargoyle (D:12)
  14 jumping spiders
  2 efreet (D:11)
  4 torpor snails
  A hellion (Depths:1)
  10 demonic crawlers
  3 rime drakes
  A spriggan zombie (Depths:1)
  3 freezing wraiths (WizLab)
  A kobold demonologist (D:8)
  3 yaktaurs
  7 hellwings (Depths:1)
  13 komodo dragons
  3 wolf spider simulacra (Gauntlet)
  An eye of draining (D:12)
  A harpy zombie (D:10)
  A red devil (Depths:1)
  3 tengu conjurers (D:12)
  Maurice (D:10)
  2 yaktaur skeletons (Depths:1)
  6 polar bears
  13 trolls
  9 tyrant leeches
  39 slime creatures
  A fire dragon zombie (Depths:1)
  9 hippogriffs
  A blink frog (Lair:6)
  26 hornets
  6 bog bodies
  An ettin zombie (WizLab)
  7 dream sheep (Lair:6)
  A hippogriff (shapeshifter) (Depths:2)
  3 meliai zombies
  A fire giant simulacrum (Depths:1)
  A deep troll skeleton (Depths:1)
  19 tarantellas
  A shadow (WizLab)
  66 yaks
  A vampire (WizLab)
  An ettin skeleton (Depths:1)
  A yak (shapeshifter) (D:8)
  6 wraiths
  22 spriggans
  A wyvern (Lair:3)
  4 fire bats
  5 fire elementals
  5 water elementals (Depths:3)
  A human (shapeshifter) (D:11)
  2 basilisks
  A steam dragon (D:8)
  16 redbacks
  13 vampire mosquitoes
  12 swamp worms
  2 acid dragons
  10 water moccasins
  7 hell hounds
  9 porcupines
  9 crocodiles
  A meliai simulacrum (Gauntlet)
  28 orc warriors
  3 soldier ants (D:10)
  19 swamp drakes
  3 ice beasts
  An ice dragon simulacrum (Gauntlet)
  A swamp dragon zombie (WizLab)
  A slave (D:9)
  A necrophage (D:8)
  A phantom (D:8)
  3 black bears
  17 ogres
  4 boggarts (Lair:6)
  34 wolves
  13 bullfrogs
  A kobold brigand (D:11)
  A deep troll simulacrum (WizLab)
  2 wyvern zombies
  A two-headed ogre simulacrum (WizLab)
  8 centaurs
  2 cyclops zombies (WizLab)
  A centaur (shapeshifter) (D:12)
  3 hornet simulacra (Gauntlet)
  2 scorpions
  A swamp dragon simulacrum (WizLab)
  10 killer bees
  16 wights
  A howler monkey (D:7)
  6 orc priests
  5 jellies
  A lava snake (Lair:5)
  13 crimson imps
  2 bullfrog zombies
  A quasit (D:8)
  17 orc wizards
  10 hounds
  9 iguanas
  16 worker ants
  A hound skeleton (D:8)
  Robin (D:2)
  13 adders
  4 gnolls (D:5)
  A shadow imp (D:10)
  12 white imps
  5 oozes
  An adder skeleton (D:6)
  5 worms
  A dart slug (D:1)
  7 leopard geckos
  64 orcs
  7 bats
  8 giant cockroaches
  23 goblins
  10 hobgoblins
  19 jackals
  3 quokkas
  A ball python (Sewer)
  3 frilled lizards
  A jackal skeleton (D:3)
  10 kobolds
  A quokka skeleton (D:4)
  A quokka zombie (D:5)
  5 rats
  A rat zombie (D:2)
  A spectral orc (D:9)
1233 creatures vanquished.

Vanquished Creatures (collateral kills)
  An ancient lich (WizLab)
  An emperor scorpion (Spider:3)
  An entropy weaver (Spider:2)
  An ettin (Depths:1)
  An ice dragon (Depths:1)
  An alligator (Swamp:3)
  A jumping spider (Spider:3)
  A redback (Spider:3)
  5 orc warriors
  15 orcs
28 creatures vanquished.

Vanquished Creatures (others)
  An orc knight (Orc)
  2 jumping spiders (Spider:3)
  An orc wizard (D:5)
  6 briar patches (Swamp:3)
  8 bushes
  21 fungi
  23 plants
62 creatures vanquished.

Grand Total: 1323 creatures vanquished

Notes
Turn   | Place    | Note
-------+----------+-------------------------------------------
     0 | D:1      | Queen the Draconian Transmuter began the quest for the Orb.
     0 | D:1      | Reached XP level 1. HP: 16/16 MP: 3/3
   287 | D:1      | Reached XP level 2. HP: 20/23 MP: 3/5
   594 | D:1      | Learned a level 2 spell: Sticks to Snakes
  1035 | D:2      | Reached XP level 3. HP: 28/28 MP: 4/6
  1185 | D:2      | Learned a level 3 spell: Spider Form
  1328 | D:2      | Found an ancient bone altar of Kikubaaqudgha.
  1552 | D:2      | Reached XP level 4. HP: 35/36 MP: 7/7
  1674 | D:2      | Found a shimmering blue altar of Sif Muna.
  1732 | D:2      | Noticed Robin
  1767 | D:2      | Killed Robin
  2010 | D:2      | Found a burning altar of Makhleb.
  2018 | D:2      | Reached XP level 5. HP: 37/41 MP: 6/9
  2026 | D:2      | Became a worshipper of Makhleb the Destroyer
  2416 | D:3      | Noticed an ice beast
  2637 | D:3      | Found a stormy altar of Qazlal.
  2741 | D:3      | Found a transporter.
  2742 | D:3      | Found a transporter.
  2752 | D:3      | Noticed kosoiffoigrumme1174's ghost (amateur VSMo)
  2754 | D:3      | Identified the +3 great mace of Lacluref {holy, rC- MR+
                  | SInv Stlth+}
  2754 | D:3      | Noticed an ogre
  2755 | D:3      | Noticed an ogre
  3081 | D:4      | Reached skill level 4 in Unarmed Combat
  3081 | D:4      | Reached XP level 6. HP: 44/50 MP: 10/10
  3178 | D:4      | Got a polished war axe
  3274 | D:4      | Found an ornate altar of the Wu Jian Council.
  3669 | D:4      | Found a corrupted altar of Lugonu.
  4006 | D:5      | Entered Level 5 of the Dungeon
  4209 | D:5      | Reached * piety under Makhleb
  4242 | D:5      | Your scales start taking on a golden yellow colour.
  4242 | D:5      | Reached XP level 7. HP: 21/57 MP: 7/12
  4998 | D:4      | Found a sparkling altar of Nemelex Xobeh.
  4998 | D:4      | Found a basalt altar of Yredelemnul.
  5153 | D:6      | Found a staircase to the Ecumenical Temple.
  5157 | D:6      | Found a glowing drain.
  5171 | D:6      | Reached skill level 5 in Unarmed Combat
  5189 | Sewer    | Entered a sewer
  5508 | Sewer    | Learned a level 4 spell: Ice Form
  5616 | Sewer    | Reached ** piety under Makhleb
  5782 | D:6      | Found a radiant altar of Vehumet.
  5798 | D:6      | Reached skill level 5 in Transmutations
  6034 | D:6      | Found a transporter.
  6039 | D:6      | Noticed tronn's ghost (novice OpAc)
  6053 | D:6      | Reached XP level 8. HP: 54/66 MP: 9/13
  6142 | D:6      | Found a shattered altar of Ashenzari.
  6179 | D:6      | Found a transporter.
  6565 | D:7      | Found a shimmering altar of Xom.
  7047 | D:7      | Learned a level 5 spell: Blade Hands
  7079 | D:7      | Reached skill level 6 in Unarmed Combat
  7087 | D:7      | Found a shadowy altar of Dithmenos.
  7865 | D:8      | Noticed a troll
  7912 | D:8      | Reached XP level 9. HP: 64/73 MP: 14/16
  7924 | D:8      | Reached skill level 5 in Fighting
  7924 | D:8      | Reached skill level 7 in Unarmed Combat
  8000 | D:8      | Noticed Psyche
  8033 | D:7      | Reached skill level 5 in Spellcasting
  8058 | D:8      | Found a runed translucent door.
  8058 | D:8      | Found a shimmering altar of Xom.
  8058 | D:8      | Noticed Cris's ghost (novice FrAE)
  8091 | D:8      | Reached *** piety under Makhleb
  8158 | D:8      | Noticed a +1 falchion of chaos
  8191 | D:8      | Reached skill level 5 in Dodging
  8203 | D:8      | Reached skill level 8 in Unarmed Combat
  8219 | D:8      | Found an iron altar of Okawaru.
  8307 | D:8      | Reached XP level 10. HP: 80/83 MP: 14/18
  8314 | D:8      | Killed Psyche
  8572 | D:8      | Noticed an ogre mage
  8622 | D:8      | Noticed a seven-headed hydra
  8632 | D:7      | Killed an ogre mage
  8674 | D:8      | Reached skill level 9 in Unarmed Combat
  8802 | D:8      | Noticed a cyclops
  8814 | D:8      | Identified the ring of Taciem {MR+ Int+4 Stlth+}
  8827 | D:8      | Noticed a green ugly thing
  8829 | D:8      | Noticed a cyan ugly thing
  8839 | D:8      | Killed a cyan ugly thing
  8840 | D:8      | Reached skill level 1 in Invocations
  8847 | D:8      | Killed a purple ugly thing
  8879 | D:8      | Killed a cyclops
  8880 | D:8      | Reached XP level 11. HP: 47/91 MP: 20/20
  8971 | D:8      | Identified the cursed ring of the Eleven Stars {Fire rPois
                  | MR- Dex+3}
  8971 | D:8      | Noticed Erica
  8985 | D:8      | Reached **** piety under Makhleb
  9003 | D:8      | Killed Erica
  9307 | D:8      | Learned a level 2 spell: Passwall
  9368 | D:8      | Found a white marble altar of Elyvilon.
  9405 | D:8      | Killed a seven-headed hydra
  9639 | D:9      | Reached skill level 10 in Unarmed Combat
  9728 | D:8      | Reached skill level 10 in Transmutations
  9891 | D:9      | Noticed a two-headed ogre
  9951 | D:9      | Noticed a two-headed ogre
  9990 | D:9      | Found a hazy altar of Hepliaklqana.
 10157 | D:9      | Found a staircase to the Lair.
 10270 | D:9      | Killed a two-headed ogre
 10417 | D:9      | Killed a two-headed ogre
 10455 | D:9      | Noticed Pikel
 10465 | D:9      | Killed Pikel
 10602 | Lair:1   | Entered Level 1 of the Lair of Beasts
 10632 | Lair:1   | Reached ***** piety under Makhleb
 10969 | Lair:1   | Reached XP level 12. HP: 100/101 MP: 16/22
 11010 | Lair:1   | Reached skill level 11 in Unarmed Combat
 11298 | Lair:1   | Reached skill level 5 in Invocations
 11308 | Lair:1   | Noticed a seven-headed hydra
 11323 | Lair:1   | Killed a seven-headed hydra
 11797 | Lair:2   | Got a scorched trident
 12793 | Lair:3   | Noticed an eight-headed hydra
 12801 | Lair:3   | Found a dark tunnel.
 12825 | Volcano  | Entered a volcano
 12966 | Volcano  | Noticed a two-headed ogre
 12973 | Volcano  | Killed a two-headed ogre
 12991 | Volcano  | Noticed a two-headed ogre
 13000 | Volcano  | Killed a two-headed ogre
 13485 | Lair:3   | Killed an eight-headed hydra
 13716 | Lair:3   | Reached XP level 13. HP: 85/111 MP: 23/25
 13911 | Lair:3   | Found a staircase to the Swamp.
 14478 | Lair:4   | Reached skill level 12 in Unarmed Combat
 15039 | Lair:4   | Found a hole to the Spider Nest.
 15503 | Lair:5   | Got a fading hand crossbow
 15688 | Lair:5   | Reached ****** piety under Makhleb
 15870 | Lair:5   | Got an encrusted cloak
 15899 | Lair:5   | Noticed Josephine
 15931 | Lair:5   | Killed Josephine
 16099 | Lair:5   | Found a staircase to the Elven Halls.
 16399 | Lair:6   | Entered Level 6 of the Lair of Beasts
 16412 | Lair:6   | Identified the +1 cloak "Ytzewef" {Regen+ Int+5} (You found
                  | it on level 5 of the Lair of Beasts)
 16761 | Lair:6   | Gained mutation: You have acidic saliva. [Yellow Draconian
                  | growth]
 16761 | Lair:6   | Reached XP level 14. HP: 119/119 MP: 23/26
 16990 | Lair:6   | Reached skill level 10 in Fighting
 16997 | Lair:6   | Reached skill level 13 in Unarmed Combat
 17572 | Lair:6   | Reached skill level 10 in Invocations
 18112 | D:10     | Entered Level 10 of the Dungeon
 18449 | D:10     | Noticed Maurice
 18459 | D:10     | Killed Maurice
 18477 | D:10     | Got a shimmering pewter ring
 18734 | D:10     | Got a pair of slimy gloves
 18825 | D:10     | Noticed Snorg
 18835 | D:10     | Killed Snorg
 18890 | D:10     | Found a staircase to the Orcish Mines.
 18993 | D:10     | Identified the cursed ring of the Final Decision {rElec rN+
                  | Int+6 Slay-3} (You found it on level 10 of the Dungeon)
 19006 | D:10     | Identified the +2 pair of gloves of Suoperch {rElec Int+5}
                  | (You found it on level 10 of the Dungeon)
 19082 | D:11     | Found a portal to a secret trove of treasure.
 19103 | D:11     | Noticed Harold
 19117 | D:11     | Killed Harold
 19135 | D:11     | Found a gate to the Vaults.
 19225 | D:11     | Found a flagged portal.
 19238 | Bailey   | Entered a bailey
 19542 | D:11     | Found a gate leading to a gauntlet.
 19551 | Gauntlet | Entered a Gauntlet
 19551 | Gauntlet | Found a transporter.
 19567 | Gauntlet | Found a transporter.
 19576 | Gauntlet | Found a transporter.
 19582 | Gauntlet | Found a transporter.
 19597 | Gauntlet | Found a transporter.
 19598 | Gauntlet | Found the +7 Spriggan's Knife {stab, EV+4 Stlth+}
 19616 | Gauntlet | Found a transporter.
 19628 | Gauntlet | Found a transporter.
 19640 | Gauntlet | Found a transporter.
 19646 | Gauntlet | Found a transporter.
 19646 | Gauntlet | Found a transporter.
 19665 | Gauntlet | Found a transporter.
 19677 | Gauntlet | Found a transporter.
 19694 | Gauntlet | Found a transporter.
 19711 | Gauntlet | Found a transporter.
 19713 | Gauntlet | Found a transporter.
 19739 | Gauntlet | Found a transporter.
 19741 | Gauntlet | Found a transporter.
 19765 | Gauntlet | Found a transporter.
 19876 | Gauntlet | Noticed an eye of devastation
 19876 | Gauntlet | a moth of wrath changed into an eye of devastation
 19878 | Gauntlet | an eye of devastation changed into a two-headed ogre
 20062 | Gauntlet | Got a glittering amber ring
 20109 | Gauntlet | Identified the +3 spear "Suemucuf" {pain, *Rage MR+ Str+2
                  | Dex+4}
 20123 | Gauntlet | HP: 6/122 [minotaur/the +3 spear "Suemucuf" {pain, *Rage
                  | MR+ Str+2 Dex+4} (6)]
 20262 | Gauntlet | Identified the Papyrus of Protection
 20333 | Gauntlet | Identified the cursed ring of Oddaisma {Int+3 Stlth--} (You
                  | found it in a Gauntlet)
 20559 | D:11     | Reached XP level 15. HP: 122/128 MP: 22/28
 21394 | D:12     | Entered Level 12 of the Dungeon
 21507 | D:12     | Found a white marble altar of Elyvilon.
 21792 | D:12     | Found a staircase to the Depths.
 21792 | D:12     | Noticed a fire giant
 22239 | D:12     | Killed a fire giant
 22361 | Orc      | Entered the Orcish Mines
 22364 | Orc      | Found Uguzepoa's Distillery.
 22421 | Orc      | Noticed an orc warlord
 22429 | Orc      | Found a roughly hewn altar of Beogh.
 22594 | Orc      | Noticed Azrael
 22600 | Orc      | Found Xiut Xaz Add's Antique Armour Shop.
 22621 | Orc      | Found Ittidich's Antique Armour Boutique.
 22719 | Orc      | Reached skill level 14 in Unarmed Combat
 22742 | Orc      | Found Arhil's Assorted Antiques.
 22774 | Orc      | Found a viscous altar of Jiyva.
 22776 | Orc      | Bought a scroll of identify for 68 gold pieces
 22777 | Orc      | Found a viscous altar of Jiyva.
 22778 | Orc      | Found a staircase to the Slime Pits.
 22798 | Orc      | Killed an orc warlord
 22877 | Orc      | Found Laepiuw's Book Shop.
 22904 | Orc      | Bought a book of Transfigurations for 825 gold pieces
 22914 | Orc      | Learned a level 7 spell: Dragon Form
 22922 | Orc      | Killed Azrael
 22993 | Orc      | Bought 2 potions of heal wounds for 150 gold pieces
 23020 | Orc      | Found Wyleethro's Antique Weapon Emporium.
 23061 | Orc      | Found Reiviar's Armour Shop.
 23199 | Orc      | Found Woffuniwn's General Store.
 23208 | Orc      | Bought a cursed amulet of the gourmand for 330 gold pieces
 23391 | Orc      | Found Maifim's Magic Scroll Boutique.
 23400 | Orc      | Bought a scroll of identify for 32 gold pieces
 23400 | Orc      | Bought a scroll of identify for 32 gold pieces
 23400 | Orc      | Bought a scroll of identify for 32 gold pieces
 23400 | Orc      | Bought a scroll of identify for 32 gold pieces
 23400 | Orc      | Bought a scroll of teleportation for 48 gold pieces
 23727 | Swamp:1  | Entered Level 1 of the Swamp
 24259 | Swamp:1  | Reached skill level 10 in Spellcasting
 24649 | Swamp:2  | Found a stormy altar of Qazlal.
 24725 | Swamp:2  | Reached XP level 16. HP: 138/138 MP: 30/30
 25033 | Swamp:2  | Reached skill level 10 in Dodging
 25039 | Swamp:2  | Noticed Roxanne
 25051 | Swamp:2  | Killed Roxanne
 25439 | Swamp:3  | Entered Level 3 of the Swamp
 25449 | Swamp:3  | Reached XP level 17. HP: 146/146 MP: 31/31
 25457 | Swamp:3  | Noticed Donald
 25466 | Swamp:3  | Killed Donald
 25846 | Swamp:3  | Reached skill level 15 in Unarmed Combat
 26282 | Swamp:3  | Identified a scroll of acquirement
 26284 | Swamp:3  | Identified the +2 buckler of the Heavens {rElec rN++ Regen+
                  | Int-3} (You acquired it on level 3 of the Swamp)
 26284 | Swamp:3  | Identified the Collected Works on Venomous Companions (You
                  | acquired it on level 3 of the Swamp)
 26598 | Swamp:3  | Got a decaying rune of Zot
 26726 | Spider:1 | Entered Level 1 of the Spider Nest
 26744 | Spider:1 | Reached skill level 15 in Transmutations
 26968 | Spider:1 | Identified the +7 battleaxe "Vonilup" {chop, rN+ Int+5}
 28424 | Spider:3 | Entered Level 3 of the Spider Nest
 28728 | Spider:3 | Reached skill level 16 in Unarmed Combat
 28810 | Spider:3 | Noticed Bai Suzhen
 29059 | Spider:3 | Killed Bai Suzhen
 29060 | Spider:3 | Reached XP level 18. HP: 160/160 MP: 32/32
 29068 | Spider:3 | Learned a level 6 spell: Statue Form
 29209 | Spider:3 | Noticed Jorgrun
 29608 | Spider:3 | Killed Jorgrun
 29898 | Spider:3 | Got a gossamer rune of Zot
 30236 | Depths:1 | Entered Level 1 of the Depths
 30260 | Depths:1 | Found a magical portal.
 30283 | WizLab   | Entered Zonguldrok's Shrine
 30533 | WizLab   | Noticed an antique lich
 30533 | WizLab   | Noticed a lich
 30535 | WizLab   | Killed a lich
 30541 | WizLab   | Killed an antique lich
 30542 | WizLab   | Reached skill level 15 in Fighting
 30551 | WizLab   | Found the +9 sword of Zonguldrok {reap}
 30607 | WizLab   | Learned a level 4 spell: Summon Scorpions
 30610 | WizLab   | Learned a level 2 spell: Blink
 30797 | Depths:1 | Noticed a lich
 30800 | Depths:1 | Reached skill level 17 in Unarmed Combat
 30805 | Depths:1 | Killed a lich
 30817 | Depths:1 | Reached XP level 19. HP: 170/170 MP: 33/33
 30965 | Depths:1 | Found a one-way gate to the infinite horrors of the Abyss.
 31060 | Depths:1 | Paralysed by a vampire knight for 3 turns
 31316 | Depths:1 | Identified the +1 demon trident of Foyclaeg {freeze, rC+}
 31466 | Depths:1 | Found a gateway to Hell.
 32599 | Depths:2 | Noticed a golden dragon
 32605 | Depths:2 | Killed a golden dragon
 32645 | Depths:2 | Identified the +3 great mace of Arbitration {antimagic,
                  | Stlth+}
 32762 | Depths:2 | Found a gateway to a ziggurat.
 32790 | Depths:2 | Reached skill level 18 in Unarmed Combat
 32845 | Depths:2 | Noticed Saint Roka
 32887 | Depths:2 | Killed Saint Roka
 32888 | Depths:2 | Reached XP level 20. HP: 49/182 MP: 35/35
 33371 | Depths:3 | Noticed a rockslime
 33682 | Depths:3 | Identified the cursed ring "Uryec" {+Fly MP-9 Dex+5}
 33731 | Depths:2 | Identified the ring "Hioghaba" {MR+ EV+6} (You acquired it
                  | on level 2 of the Depths)
 33731 | Depths:2 | Identified Xevyilu's Catalogue of Supportive Execration
                  | (You acquired it on level 2 of the Depths)
 33733 | Depths:2 | Identified the scarf "Gigip" {repulsion, +Fly} (You
                  | acquired it on level 2 of the Depths)
 33733 | Depths:2 | Identified the amulet of the Thistle {Regen rPois rF+
                  | Int+4} (You acquired it on level 2 of the Depths)
 33733 | Depths:2 | Identified the Guide on Shape Shifting (You acquired it on
                  | level 2 of the Depths)
 33739 | Depths:2 | Identified the ring "Duxzitee" {rC+ AC+6} (You acquired it
                  | on level 2 of the Depths)
 33739 | Depths:2 | Identified the Volume of the Harmful Escort (You acquired
                  | it on level 2 of the Depths)
 33943 | Depths:3 | Reached skill level 1 in Earth Magic
 34077 | Depths:3 | Noticed a Killer Klown
 34077 | Depths:3 | Noticed a Killer Klown
 34089 | Depths:3 | Killed a Killer Klown
 34094 | Depths:3 | Killed a Killer Klown
 34261 | Depths:3 | Killed a rockslime
 34366 | Depths:3 | Found a one-way gate leading to the halls of Pandemonium.
 34541 | Depths:4 | Noticed a Killer Klown
 34743 | Depths:4 | Noticed a golden dragon
 34747 | Depths:4 | Noticed a rockslime
 34808 | Depths:4 | Noticed a Brimstone Fiend
 34813 | Depths:4 | Noticed an ancient lich
 34817 | Depths:4 | HP: 14/280 [stone giant/large rock (45)]
 34817 | Depths:4 | Killed from afar by an ancient lich

Skill      XL: |  1  2  3  4  5  6  7  8  9 10 11 12 13 14 15 16 17 18 19 20 |
---------------+-------------------------------------------------------------+-----
Dodging        | 2 3 4 5 6 7 8 9 10 11 12 13 | 13.0
Transmutations | 3 4 5 6 8 9 10 11 12 13 14 15 | 15.0
Fighting       | 2 3 4 5 6 8 9 10 11 14 15 16 17 | 17.8
Unarmed Combat | 4 5 6 8 9 10 11 12 13 14 16 17 18 | 18.8
Spellcasting   | 3 4 5 6 7 8 9 10 11 12 | 12.0
Invocations    | 1 4 7 9 10 12 13 14 | 14.7
Earth Magic    | 3 |  3.5

Action                   |  1- 3 |  4- 6 |  7- 9 | 10-12 | 13-15 | 16-18 | 19-21 || total
-------------------------+-------+-------+-------+-------+-------+-------+-------++-------
Melee: Unarmed           |   131 |   224 |   278 |   516 |  1175 |   609 |   455 ||  3388
       Kick              |    14 |    15 |     8 |       |       |       |       ||    37
       Tailslap          |    15 |    18 |     4 |    20 |   110 |    54 |    55 ||   276
       Headbutt          |    10 |     8 |     5 |       |       |       |       ||    23
       Punch             |     1 |     3 |       |     5 |    46 |    32 |    28 ||   115
       Bite              |       |       |       |       |    69 |    59 |    32 ||   160
 Cast: Beastly Appendage |    26 |    29 |    13 |     5 |       |       |       ||    73
       Spider Form       |       |     5 |    24 |     2 |       |       |       ||    31
       Ice Form          |       |       |     2 |     3 |     5 |       |       ||    10
       Blade Hands       |       |       |       |    24 |    95 |       |       ||   119
       Sticks to Snakes  |       |       |       |       |     5 |       |       ||     5
       Passwall          |       |       |       |       |     5 |     3 |       ||     8
       Dragon Form       |       |       |       |       |     1 |     1 |       ||     2
Invok: Minor Destruction |       |       |       |     1 |       |     1 |       ||     2
       Greater Servant o |       |       |       |       |       |     5 |     2 ||     7
       Major Destruction |       |       |       |       |       |     1 |       ||     1
 Abil: Breathe Acid      |       |       |     7 |     2 |     4 |    18 |     6 ||    37
       End Transformatio |       |       |     3 |     8 |    13 |     1 |       ||    25
Evoke: Wand              |       |       |     4 |     6 |       |       |       ||    10
  Use: Scroll            |     1 |     3 |     7 |     6 |    16 |     9 |    10 ||    52
       Potion            |       |       |       |     4 |     3 |     2 |       ||     9
 Stab: Sleeping          |       |     1 |     4 |     3 |     2 |     1 |     1 ||    12
       Paralysed         |       |       |       |     7 |       |       |       ||     7
       Distracted        |       |       |       |       |     2 |       |     1 ||     3
       Confused          |       |       |       |       |       |     2 |     3 ||     5
       Held in net/web   |       |       |       |       |       |     1 |       ||     1
  Eat: Chunk             |     6 |    14 |    23 |    32 |    69 |    28 |    16 ||   188
       Ration            |       |       |     1 |       |     2 |     1 |     1 ||     5
Armor: Skin              |    41 |    46 |    48 |    68 |   298 |   437 |   213 ||  1151
Dodge: Dodged            |    68 |   124 |   252 |   322 |   535 |   241 |   177 ||  1719
